[Event "44th Chess Olympiad Open 2022"]
[Site "Chennai"]
[Date "2022.08.09"]
[Round "11.65"]
[White "Chiwambo Stansford"]
[Black "Anhwere, Bernard"]
[Result "1-0"]
[ECO "E94"]
[WhiteElo "1913"]
[BlackElo "1890"]
[Annotator "TA"]
[PlyCount "183"]
[EventDate "2022.07.29"]
[EventType "team-tourn"]
[EventCountry "IND"]
[SourceTitle "playchess.com"]
[Source "ChessBase"]
[SourceQuality "1"]
[WhiteTeam "MAW"]
[BlackTeam "Ghana"]
[BlackTeamCountry "GHA"]
[TimeControl "40/5400+30:1800+30"]

1. c4 Nf6 2. d4 g6 3. Nc3 Bg7 4. e4 d6 5. Nf3 O-O 6. Be2 e5 7. O-O exd4 8. Nxd4 Re8 9. Bf3 c6 {[%emt 0:00:44] E94: King's Indian: Classical: 6 Be2 e5 7 0-0: Various Black 7th moves.} 10. Bf4 {[%emt 0:01:45] [#]} Bf8 $146 ({Predecessor:} 10... Na6 11. Re1 Nc5 12. Nb3 Nxb3 13. axb3 Bf8 14. Qd4 Bg4 15. Bg5 Bxf3 16. Bxf6 c5 17. Bxd8 cxd4 {0-1 (41) Prudnikova,S (2203)-Borisova,E (2292) Satka 2020}) 11. Nde2 Bg4 {[%emt 0:04:24] White has an edge.} 12. Ng3 Bxf3 13. Qxf3 Nbd7 14. Rfd1 Ne5 15. Qe2 Qc8 16. h3 Qe6 17. b3 Bg7 18. Rac1 Rad8 19. Qe3 b6 20. Bg5 h6 21. Bf4 ({Reject} 21. Bxh6 Nfg4 $1 22. hxg4 Nxg4 $15) 21... Kh7 22. Qe2 ({White should try} 22. Nge2 $16) 22... Ng8 23. Qc2 h5 {[%emt 0:02:27] Black is now going downhill.} (23... c5 $14) 24. Nge2 Ne7 25. Bg5 f6 26. Be3 g5 27. Nd4 Qc8 (27... Qf7 $16) 28. f4 $18 gxf4 29. Bxf4 N7g6 30. Be3 Ne7 31. Qe2 Rh8 32. Rf1 Kg8 33. Nf5 Nxf5 34. Rxf5 Kf7 35. Rxh5 Rdg8 36. Rf1 Ke7 37. Rxh8 Bxh8 38. Rf5 Rg6 (38... Bg7 {is a better defense.} 39. Qd2 Qe8) 39. Bf4 Qg8 40. Bxe5 fxe5 41. g4 Qh7 42. Qf3 Bf6 43. Ne2 Qh6 44. a4 Qd2 45. Ng3 Qe1+ 46. Kg2 {[%emt 0:00:46][%cal Oh3h4] And now h4! would win. The board is on fire.} ({Not} 46. Nf1 Qc1 47. h4 Qh6 $18) 46... Qd2+ (46... Bh4 {is a self mate.} 47. Rf7+ Kd8 48. Rf8+ Kd7 49. Qf7+ Be7 50. Qe8+ Ke6 51. Qc8#) 47. Qf2 Qd3 (47... Qxf2+ 48. Rxf2 Bg5 49. Nf5+ Ke6) 48. Rf3 Qb1 49. a5 c5 50. axb6 axb6 51. Qd2 Bg5 52. Qd5 {[%emt 0:00:00] White threatens Qf7+ and mate.} Bf4 53. Nf5+ Kf8 54. Qa8+ Kf7 55. Qb7+ Kf8 56. Qe7+ Kg8 57. Qe8+ Kh7 58. Qf7+ Kh8 59. Rxf4 exf4 60. Qxg6 f3+ 61. Kxf3 Qf1+ 62. Kg3 Qe1+ {[%emt 0:00:00] [#]} 63. Kf4 $1 Qd2+ {[%emt 0:00:00] [#]} 64. Ne3 $1 Qf2+ 65. Kg5 Qxe3+ {[%emt 0:00:00] KQ-KQ} 66. Kf6 Qf4+ 67. Qf5 Qh6+ 68. Ke7 Qg7+ 69. Kxd6 Qh6+ 70. Kc7 Qg7+ 71. Kxb6 Qc3 72. Kxc5 Qa5+ 73. Kd6 Qd8+ 74. Ke5 Qc7+ 75. Kd4 Qb6+ 76. Kc3 Qe3+ 77. Kb4 Qb6+ 78. Qb5 Qd6+ 79. Qc5 (79. Ka4 $142 Qe7 80. Qd5 Qa7+ 81. Kb4 Qb6+ 82. Kc3 Qe3+ 83. Qd3 Qe1+ 84. Kd4) 79... Qd2+ 80. Kb5 {[%emt 0:00:14] White mates.} Qd7+ 81. Qc6 Qd3 82. b4 Qd8 83. Qh6+ Kg8 84. Qg6+ Kh8 85. Qh5+ Kg7 86. Qe5+ Kh7 87. Qf5+ Kg7 88. c5 Qe8+ 89. c6 Qb8+ 90. Kc4 Qb6 91. Qd7+ Kh8 92. Qd4+ {[%emt 0:00:13] Weighted Error Value: White=0.19 (very precise) /Black=0.45} 1-0

[Event "44th Chess Olympiad Open 2022"]
[Site "Chennai"]
[Date "2022.08.09"]
[Round "11.65"]
[White "Fomevor, Cephas Clinton"]
[Black "Nyambalo, Joseph Xavier"]
[Result "0-1"]
[ECO "E68"]
[WhiteElo "1830"]
[BlackElo "1981"]
[Annotator "TA"]
[PlyCount "125"]
[EventDate "2022.07.29"]
[EventType "team-tourn"]
[EventCountry "IND"]
[SourceTitle "playchess.com"]
[Source "ChessBase"]
[SourceQuality "1"]
[WhiteTeam "Ghana"]
[BlackTeam "MAW"]
[WhiteTeamCountry "GHA"]
[TimeControl "40/5400+30:1800+30"]

1. c4 Nf6 2. Nf3 g6 3. g3 b6 4. Bg2 Bb7 5. O-O Bg7 6. Nc3 O-O 7. Re1 d6 8. e4 e5 9. d4 Nbd7 10. dxe5 {[%emt 0:03:48] E68: King's Indian: Fianchetto: 6...Nbd7 7 0-0 e5 8 e4.} Nxe5 11. Nxe5 dxe5 12. Qc2 {[%emt 0:01:02] White has an edge.} c6 {[%emt 0:03:05] [#]} 13. b3 $146 ({Predecessor:} 13. Bg5 h6 14. Rad1 Qe7 15. Be3 Rad8 16. h3 Rxd1 17. Rxd1 Rd8 18. Re1 Qb4 19. Bf1 {1-0 (41) Abtahi,M-Scheidt,E Gladenbach 1999}) 13... Qe7 14. Bb2 Rfd8 15. Rad1 Ne8 16. Qc1 Nc7 17. Ba3 Qf6 18. Qe3 Ne6 19. Rxd8+ Rxd8 20. Rd1 Rd4 21. Rd3 Qd8 22. Bf1 Bf8 23. Bb2 (23. Bxf8 $15 Kxf8 24. Nd1) 23... Nc5 $17 24. Rxd4 exd4 ({Don't play} 24... Qxd4 $6 25. Qe2 Qd8 26. h4 $15) 25. Qd2 Ne6 (25... Bg7 $1 $17 {Strongly threatening ...Qa8.} 26. f3 Qf6) 26. Ne2 c5 27. Bg2 Bg7 28. Bc1 Qa8 29. Qd3 a5 30. f3 a4 31. Bh3 axb3 32. axb3 Nd8 33. Bd2 Nc6 {[%emt 0:01:10] ...Ne5 is the strong threat.} 34. Bg2 (34. Qb1 $142) 34... Qa1+ 35. Nc1 {[%emt 0:01:56] [#]} Ne5 (35... Nb4 $1 $17 36. Qf1 Qb1) 36. Qe2 ({White has to play} 36. Qf1 $1 $15) 36... h5 ({Black should play} 36... b5 $19 37. cxb5 c4 38. bxc4 d3) 37. h3 (37. f4 $15 Ng4 38. e5 Bxg2 39. Kxg2) 37... Nc6 (37... b5 $19 38. cxb5 c4 39. bxc4 d3) 38. f4 Na5 (38... d3 $17 39. Qxd3 Bb2) 39. Qd3 Nc6 40. Kh2 (40. Qe2 $11) 40... Nb4 41. Qe2 Na2 {[%emt 0:02:02] Black is much more active.} 42. Nxa2 Qxa2 43. Qd3 Qa8 44. Qe2 Kf8 (44... Bc6 $17) 45. Be1 (45. e5 $11) 45... Qa3 46. Qd3 Qb2 47. Bd2 Bc8 48. Kg1 Kg8 49. Kh2 Bf8 (49... Bh6 $17) 50. Kg1 Bd7 (50... Bh6 $17) 51. Kh2 (51. f5 $11) 51... b5 (51... Bd6 $17) 52. Kg1 ({Better is} 52. f5 $15) 52... bxc4 53. bxc4 Be6 {[%emt 0:00:53][%cal Oe6c4] White must now prevent ...Bxc4!} 54. Kh2 (54. h4 $17) 54... Qa2 55. Bf1 Bxc4 56. Qxc4 $15 Qxd2+ $17 {[%emt 0:00:05][%mdl 4096] Endgame KQB-KQB} 57. Be2 $2 {[%emt 0:00:47] [#]} (57. Qe2 $15 Qc1 58. Qc4) 57... h4 $1 $19 58. Qd3 hxg3+ 59. Kxg3 Qc1 {[%emt 0:00:43] Hoping for ...Bh6.} 60. f5 Qg1+ 61. Kf3 Bd6 (61... Qh1+ $19 {is more deadly.} 62. Kf2 Bh6) 62. Bf1 $2 (62. e5 $17) 62... c4 63. Qd2 {[%emt 0:05:10] Weighted Error Value: White=0.42/Black=0.25 (precise)} 0-1

[Event "44th Chess Olympiad Open 2022"]
[Site "Chennai"]
[Date "2022.08.09"]
[Round "11.66"]
[White "Jean Louis, Marckens"]
[Black "Khan, Taffin"]
[Result "1/2-1/2"]
[ECO "B21"]
[WhiteElo "2050"]
[BlackElo "2019"]
[Annotator "NA RC"]
[PlyCount "80"]
[EventDate "2022.07.29"]
[EventType "team-tourn"]
[EventCountry "IND"]
[SourceTitle "playchess.com"]
[Source "ChessBase"]
[SourceQuality "1"]
[WhiteTeam "Haiti"]
[BlackTeam "Guyana"]
[WhiteTeamCountry "HAI"]
[BlackTeamCountry "GUY"]
[TimeControl "40/5400+30:1800+30"]

1. e4 c5 2. Be2 Nc6 3. f4 e6 4. Nf3 d5 5. d3 Nf6 6. e5 Ng8 7. c3 Bd7 8. O-O Nge7 9. Qe1 h5 10. Nh4 g6 11. Nd2 Nf5 12. Nxf5 exf5 13. h4 Be7 14. Nf3 Be6 15. Be3 d4 16. Bf2 Qb6 17. Qd2 a5 18. Rfb1 O-O 19. Ng5 Bxg5 20. hxg5 a4 21. Kh2 Kg7 22. Bf3 Rfd8 23. Bxc6 Qxc6 24. c4 b5 25. b3 b4 26. a3 bxa3 27. Rxa3 axb3 28. Raxb3 Ra6 29. R1b2 Rda8 30. Be1 Bc8 31. Qe2 Be6 32. Kg3 Rc8 33. Qf3 Bd7 34. Qd5 Be6 35. Qf3 Bd7 36. Kf2 Qxf3+ 37. Kxf3 Kf8 38. Ke2 Rca8 39. g3 Ke7 40. Rb7 Kd8 1/2-1/2

[Event "44th Chess Olympiad Open 2022"]
[Site "Chennai"]
[Date "2022.08.09"]
[Round "11.66"]
[White "Germinal, Kemly"]
[Black "Nathoo, Loris"]
[Result "1-0"]
[ECO "B23"]
[WhiteElo "1997"]
[BlackElo "1695"]
[Annotator "TA"]
[PlyCount "64"]
[EventDate "2022.07.29"]
[EventType "team-tourn"]
[EventCountry "IND"]
[SourceTitle "playchess.com"]
[Source "ChessBase"]
[SourceQuality "1"]
[WhiteTeam "Haiti"]
[BlackTeam "Guyana"]
[WhiteTeamCountry "HAI"]
[BlackTeamCountry "GUY"]
[TimeControl "40/5400+30:1800+30"]

1. e4 c5 2. Nc3 Nc6 3. Bb5 a6 4. Bxc6 dxc6 5. d3 e5 6. f4 {[%emt 0:03:55] B23: Closed Sicilian: Lines without g3.} Bd6 7. fxe5 Bxe5 8. Nf3 {[%emt 0:00:28] Prevents Qh4+. White has an edge.} Bg4 {[%emt 0:04:09][%cal Oc5c4] [#]} 9. O-O $146 ({Predecessor:} 9. Be3 Bd4 10. Qd2 Bxf3 11. gxf3 Ne7 12. O-O-O Qa5 13. Kb1 O-O-O 14. Bg5 f6 15. Nd5 Qxd2 16. Nxe7+ {0-1 (43) Boix Moreno,D (2305)-Pinero Fernandez,X (2269) Barcelona 2022}) 9... Qe7 10. Qe1 Bxf3 11. Rxf3 O-O-O ({Black should try} 11... Nf6 $11) 12. Na4 $14 b5 (12... Nf6 $14) 13. Nc3 $2 ({Only move:} 13. Nb6+ $18 Kb7 {[#]} 14. a4 $1) 13... f6 (13... Nf6 $11 {remains equal.}) 14. Ne2 $16 g5 15. Qa5 Kb7 16. a4 {[%emt 0:06:57] And now axb5 would win.} Bc7 17. Qc3 {[%emt 0:01:46] aiming for axb5.} Be5 18. Qb3 Nh6 $1 19. axb5 ({Better is} 19. Kh1 $16) 19... axb5 $11 20. Rf1 Ng4 21. h3 $36 {[%emt 0:03:21][%mdl 2048] Black is under pressure.} h5 ({Black should play} 21... c4 $1 $14 22. Qa3 (22. Qa2 $2 Ra8 $19) 22... Qxa3 23. Rxa3 Bh2+ 24. Kh1 Bd6) 22. Bxg5 $2 (22. hxg4 $18 hxg4 23. Be3) 22... c4 $1 23. dxc4 fxg5 24. cxb5 Qc5+ 25. Kh1 {[%emt 0:00:51] Threatens to win with Rf7+. Dancing on a razor blade.} Nf2+ $2 {[%emt 0:02:44][%mdl 8192] [#]} (25... cxb5 $11 26. Nc3 Rhf8 27. hxg4 hxg4 28. Rxf8 (28. Qxb5+ Qxb5 29. Nxb5 Rh8+ 30. Kg1 Bh2+ 31. Kf2 Rd2+ 32. Ke3 Rhd8 $11) 28... Rxf8 29. Qxb5+ Qxb5 30. Nxb5 Kc6) 26. Rxf2 $1 $18 {[%emt 0:00:44][%mdl 576] Rf7+ would kill now. Deflection} Qxf2 (26... Rhf8 27. Rxf8) 27. bxc6+ Kc7 28. Qb7+ Kd6 29. c7 {[%emt 0:01:48] White mates.} Rc8 30. Qd5+ Kxc7 31. Qxe5+ Kb7 32. Nd4 Rhf8 {[%emt 0:00:00] Weighted Error Value: White=0.37/Black=0.52} 1-0

[Event "44th Chess Olympiad Open 2022"]
[Site "Chennai"]
[Date "2022.08.09"]
[Round "11.66"]
[White "Drayton, Anthony"]
[Black "Guillaume, Jude Mirvens"]
[Result "1-0"]
[ECO "D02"]
[WhiteElo "1928"]
[BlackElo "2022"]
[Annotator "NA RC"]
[PlyCount "123"]
[EventDate "2022.07.29"]
[EventType "team-tourn"]
[EventCountry "IND"]
[SourceTitle "playchess.com"]
[Source "ChessBase"]
[SourceQuality "1"]
[WhiteTeam "Guyana"]
[BlackTeam "Haiti"]
[WhiteTeamCountry "GUY"]
[BlackTeamCountry "HAI"]
[TimeControl "40/5400+30:1800+30"]

1. d4 d5 2. Bf4 Nf6 3. e3 e6 4. Nf3 Nbd7 5. Nbd2 c5 6. c3 Qb6 7. Qc2 Nh5 8. Bg5 h6 9. Bh4 Bd6 10. Be2 Nhf6 11. Rc1 O-O 12. O-O Qc7 13. e4 dxe4 14. Nxe4 Be7 15. Bg3 Qa5 16. Nxf6+ Nxf6 17. dxc5 Qxc5 18. Rcd1 b5 19. Nd4 Bd7 20. Rfe1 Rac8 21. h3 b4 22. c4 a5 23. Bf1 Bc6 24. Nxc6 Qxc6 25. b3 Rfd8 26. Rxd8+ Rxd8 27. Rd1 Rxd1 28. Qxd1 Qc5 29. Bf4 Ne4 30. Be3 Qc7 31. Qg4 Nf6 32. Qf3 Qe5 33. Qa8+ Kh7 34. g3 Bc5 35. Qxa5 Nd7 36. Bxc5 Qxc5 37. Qxc5 Nxc5 38. f3 Kg6 39. Kf2 Kf5 40. Ke3 Ke5 41. f4+ Kd6 42. Bd3 f6 43. Bg6 Ke7 44. h4 Kd6 45. Kd2 Kc6 46. Kc2 Kd6 47. Kb2 f5 48. a3 bxa3+ 49. Kxa3 Ne4 50. g4 Ng3 51. gxf5 exf5 52. b4 Ne2 53. Bxf5 Nxf4 54. c5+ Kc7 55. b5 g5 56. hxg5 hxg5 57. Ka4 Nd5 58. Ka5 Ne7 59. Be4 Nc8 60. Bf3 Ne7 61. Ka6 Kb8 62. b6 1-0

[Event "44th Chess Olympiad Open 2022"]
[Site "Chennai"]
[Date "2022.08.09"]
[Round "11.66"]
[White "Lee, Ethan"]
[Black "Gabriel, Davidson"]
[Result "0-1"]
[ECO "D02"]
[WhiteElo "1629"]
[BlackElo "1915"]
[Annotator "TA"]
[PlyCount "52"]
[EventDate "2022.07.29"]
[EventType "team-tourn"]
[EventCountry "IND"]
[SourceTitle "playchess.com"]
[Source "ChessBase"]
[SourceQuality "1"]
[WhiteTeam "SGP"]
[BlackTeam "Haiti"]
[BlackTeamCountry "HAI"]
[TimeControl "40/5400+30:1800+30"]

1. d4 Nf6 2. Bf4 d5 3. e3 e6 4. Nf3 Bd6 5. Bg3 Ne4 6. Bd3 Nxg3 {[%emt 0:01:34] D02: 1 d4 d5 2 Nf3 sidelines, including 2...Nf6 3 g3 and 2...Nf6 3 Bf4.} 7. hxg3 h6 8. Nbd2 c5 {[%emt 0:00:14] The position is equal.} 9. c3 Qb6 {[%emt 0:01:26] [#]} 10. Rb1 $146 ({Predecessor:} 10. Qe2 Qxb2 11. O-O c4 12. Bg6 fxg6 13. e4 O-O 14. Rfe1 Nc6 15. e5 Ba3 16. Nh4 {0-1 (23) Perez Salazar,J (1491)-Ialovoi,T (1829) Managua 2020}) 10... Bd7 11. e4 cxd4 12. Nxd4 dxe4 (12... Nc6 $11) 13. Nxe4 (13. Nc4 $14 Qc7 {[#]} 14. Bxe4 $1 (14. Nb5 Bxb5 15. Nxd6+ Qxd6 $15)) 13... Be7 $11 14. g4 ({Better is} 14. Qg4 $11 Kf8 15. Qe2) 14... Nc6 $15 15. Nf3 O-O-O 16. Bc2 (16. b4 $15) 16... f5 (16... Kb8 $142 {Threatens to win with ...f5.} 17. O-O h5 18. gxh5 Rxh5) 17. gxf5 exf5 {[%emt 0:00:04] [#] Strongly threatening ...Rhe8.} 18. Nd6+ Bxd6 19. Qxd6 Rhe8+ 20. Kf1 Be6 $36 {[%emt 0:04:40][%cal Bd7e6,Be6b3,Bb3c2][%mdl 2080] Black is in control.} 21. Qg3 Re7 {[%emt 0:08:30] Black is more active.} ({Don't take} 21... Bxa2 22. Bxf5+ Be6 23. Bxe6+ Rxe6 24. Qg4 $14) (21... Rh8 $17 22. Nd4 f4 23. Qxf4 Rhf8) 22. Rh5 Qa6+ ({Don't play} 22... Bxa2 23. Bxf5+ Be6 24. Bxe6+ Rxe6 25. Qg4 $11) (22... Rf8 $5 ) 23. Kg1 Qxa2 24. Rxf5 $2 (24. Ne5 $11) 24... Bb3 $19 25. Qg4 $2 (25. Re1 {only move.} Rxe1+ 26. Nxe1 Bxc2 27. Nxc2 Qb1+ 28. Kh2 Qxc2 29. Rf7) 25... Bxc2 26. Rf7+ Red7 {[%emt 0:01:03] Weighted Error Value: White=0.62/Black=0.16 (very precise)} 0-1

[Event "44th Chess Olympiad Open 2022"]
[Site "Chennai"]
[Date "2022.08.09"]
[Round "11.67"]
[White "Abdirahman Omar Sheikh"]
[Black "Gajadin, Dewperkash"]
[Result "0-1"]
[ECO "C42"]
[WhiteElo "2051"]
[BlackElo "1990"]
[Annotator "RC"]
[PlyCount "160"]
[EventDate "2022.07.29"]
[EventType "team-tourn"]
[EventCountry "IND"]
[SourceTitle "playchess.com"]
[Source "ChessBase"]
[SourceQuality "1"]
[WhiteTeam "Somalia"]
[BlackTeam "Surinam"]
[WhiteTeamCountry "SOM"]
[BlackTeamCountry "SUR"]
[TimeControl "40/5400+30:1800+30"]

1. e4 e5 2. Nf3 Nf6 3. Nxe5 d6 4. Nf3 Nxe4 5. d4 d5 6. Bd3 Be7 7. O-O Nc6 8. c4 Nb4 9. cxd5 Nxd3 10. Qxd3 Qxd5 11. Re1 Bf5 12. Nc3 Nxc3 13. Qxc3 Be6 14. Qxc7 Bd6 15. Rxe6+ Qxe6 16. Qxb7 O-O 17. d5 Qe4 18. Be3 Rfb8 19. Qc6 Rd8 20. Rd1 h6 21. h4 Qb4 22. Bd4 Rac8 23. Qa6 Rc7 24. Bc3 Qc4 25. Qa5 Rcd7 26. b3 Qf4 27. Qb5 Bb8 28. Ba5 Bc7 29. Bb4 Qf5 30. Qc4 Bf4 31. d6 Bxd6 32. Bxd6 Rxd6 33. Rxd6 Rxd6 34. a4 Rd1+ 35. Kh2 Qd5 36. Qc3 Qd6+ 37. g3 Qd5 38. Ng1 Rd3 39. Qc8+ Kh7 40. b4 Rd2 41. Nh3 Rd1 42. Ng1 Qe4 43. Qc5 a6 44. b5 axb5 45. axb5 Qb1 46. Ne2 Qe4 47. Ng1 Ra1 48. b6 Qb1 49. f3 Ra2+ 50. Kh3 Qf1+ 51. Kg4 Ra4+ 52. f4 Qd1+ 53. Kh3 Qd7+ 54. f5 Qb7 55. Qf2 Qh1+ 56. Qh2 Qe4 57. Qf2 Rb4 58. Qf3 Qb1 59. Ne2 Rxb6 60. Nd4 Rd6 61. Ne2 Rf6 62. g4 Rd6 63. Ng3 Rd3 64. Qg2 Qb5 65. h5 Qe5 66. Qf2 Qa1 67. Kh4 Qf6+ 68. Kh3 Qg5 69. Qe2 Ra3 70. Qe4 Re3 71. Qb1 Qf6 72. Qc2 Rc3 73. Qe4 Rb3 74. Kg2 Ra3 75. Kh3 Rc3 76. Kg2 Rc7 77. Kh3 Re7 78. Qd3 Rc7 79. Ne4 Qe5 80. Ng3 Rc3 0-1

[Event "44th Chess Olympiad Open 2022"]
[Site "Chennai"]
[Date "2022.08.09"]
[Round "11.67"]
[White "Giasi, Viresh"]
[Black "Islam Sh.Nour, Kassim"]
[Result "1-0"]
[ECO "B00"]
[WhiteElo "2006"]
[BlackElo "1873"]
[Annotator "TA"]
[PlyCount "120"]
[EventDate "2022.07.29"]
[EventType "team-tourn"]
[EventCountry "IND"]
[SourceTitle "playchess.com"]
[Source "ChessBase"]
[SourceQuality "1"]
[WhiteTeam "Surinam"]
[BlackTeam "Somalia"]
[WhiteTeamCountry "SUR"]
[BlackTeamCountry "SOM"]
[TimeControl "40/5400+30:1800+30"]

1. e4 b6 2. d4 Bb7 3. Nd2 e6 4. Ngf3 Nf6 5. Bd3 c5 6. c3 Nc6 7. O-O Be7 {[%emt 0:00:23] B00: Queen's Fianchetto Defence, Nimzowitsch Defence.} 8. a3 d5 9. e5 Nd7 {[%emt 0:00:18] White is slightly better.} 10. Re1 Qc7 11. Nf1 c4 12. Bc2 h6 {[%emt 0:00:17] [#] Inhibits Ng5.} 13. N3d2 $146 ({Predecessor:} 13. Ng3 O-O-O 14. h3 Kb8 15. Nh2 g6 16. Qf3 Rdf8 17. Ng4 h5 18. Nh2 {1-0 (37) Kononov,V (2029)-Shalagin,V (2033) Zelenograd 2019}) 13... O-O-O 14. b3 Na5 15. bxc4 dxc4 16. Qe2 Kb8 17. Rb1 Rc8 (17... Qc6 18. Be4 Qc8 19. Bxb7 Qxb7 20. Nxc4 Nxc4 21. Qxc4 $16) 18. Be4 g5 19. Bxb7 Qxb7 20. Qh5 Rh7 21. Ng3 Nf8 22. Nge4 Ng6 23. g3 {[%emt 0:02:30] Inhibits Nf4.} Rg8 24. Qf3 h5 25. Nf6 {[%emt 0:00:29] White is more active.} Bxf6 26. Qxb7+ ({Don't take} 26. exf6 Qd7 $14) 26... Kxb7 (26... Nxb7 $142 27. exf6 Rd8) 27. exf6 $16 h4 (27... g4 $16 28. Ne4 Nf8) 28. Ne4 $18 hxg3 29. fxg3 ({Don't do} 29. hxg3 $6 Rgh8 30. Bxg5 Kc6 $16) 29... Nh8 30. Bxg5 Rh5 (30... Kc6 {might work better.} 31. Rb4 Ng6) 31. h4 Kc6 32. a4 Ng6 33. Kf2 Rhh8 34. Nd2 {[%emt 0:04:23] Against Nb3} Rc8 35. Nf3 Nb7 36. g4 {[%emt 0:06:52] [#] Black must now prevent h5.} Nd6 37. h5 Nf8 38. Bf4 Nd7 39. Ne5+ Nxe5 40. dxe5 ({Not} 40. Bxe5 Rh6 41. Ke3 Rg8 $18) 40... Nb7 41. Be3 Rcg8 42. Kf3 Rd8 43. Rbd1 Rd5 44. Rxd5 exd5 {[%emt 0:00:10][%mdl 4096] Endgame KRB-KRN} 45. Kf4 Kd7 46. Kf5 Nd8 47. Rh1 Ne6 48. g5 Nf8 49. Bc1 Ke8 50. Ba3 {[%emt 0:00:27] [#] And now Bxf8 would win.} Ng6 51. e6 fxe6+ 52. Kxg6 {[%emt 0:00:55] KRB-KR} Rg8+ 53. Kh6 Kf7 54. g6+ Kxf6 55. Rf1+ Ke5 56. Kh7 Rc8 57. g7 {[%emt 0:00:07] White threatens h6 and mate.} Rc7 58. Kg6 {[%emt 0:00:02] White mates.} Rxg7+ 59. Kxg7 d4 60. Re1+ Kd5 {[%emt 0:00:04] Weighted Error Value: White=0.13 (very precise) /Black=0.68} 1-0

[Event "44th Chess Olympiad Open 2022"]
[Site "Chennai"]
[Date "2022.08.09"]
[Round "11.67"]
[White "Abdulkadir Mohamed Warsame"]
[Black "Sanches, Casanova Romario"]
[Result "1/2-1/2"]
[ECO "A31"]
[WhiteElo "1820"]
[BlackElo "2066"]
[Annotator "RC"]
[PlyCount "238"]
[EventDate "2022.07.29"]
[EventType "team-tourn"]
[EventCountry "IND"]
[SourceTitle "playchess.com"]
[Source "ChessBase"]
[SourceQuality "1"]
[WhiteTeam "Somalia"]
[BlackTeam "Surinam"]
[WhiteTeamCountry "SOM"]
[BlackTeamCountry "SUR"]
[TimeControl "40/5400+30:1800+30"]

1. c4 Nf6 2. Nc3 c5 3. Nf3 Nc6 4. d4 cxd4 5. Nxd4 Qb6 6. e3 e6 7. Ndb5 a6 8. Nd6+ Bxd6 9. Qxd6 Qb4 10. Qg3 O-O 11. Bd3 Qc5 12. b3 Qe5 13. Bb2 Qxg3 14. hxg3 Ne5 15. Bc2 Ng6 16. Ne4 Nxe4 17. Bxe4 f5 18. Bf3 Rb8 19. Ba3 Re8 20. Bd6 Ra8 21. b4 Nh8 22. O-O-O Nf7 23. c5 Ng5 24. a4 Nxf3 25. gxf3 b6 26. Bc7 bxc5 27. bxc5 Re7 28. Rd4 Bb7 29. Rhd1 Bc6 30. a5 Kf7 31. f4 h6 32. Rb4 g5 33. Rd2 Kg6 34. Rdb2 Ree8 35. Rb8 Rexb8 36. Rxb8 Rxb8 37. Bxb8 Kh5 38. fxg5 Kxg5 39. Bf4+ Kg4 40. Kd2 Kf3 41. Kd3 Kxf2 42. Kd4 h5 43. Bc7 Kf3 44. Bf4 Ke2 45. Bc7 Kd2 46. Bf4 Kc2 47. Bd6 Kb3 48. Bc7 Kb4 49. Bb6 Kb5 50. Bc7 Be4 51. Bb6 Kc6 52. Ke5 Bc2 53. Kd4 Kb5 54. Bc7 Be4 55. Bb6 Kb4 56. Bc7 Kb3 57. Bd6 Kc2 58. Bf4 Kd2 59. Bc7 Ke2 60. Bf4 Kf3 61. Bc7 Kg4 62. Bf4 Bc6 63. Ke5 h4 64. gxh4 Kxh4 65. Kd4 Kg4 66. Bc7 Kf3 67. Bf4 Ke2 68. Bc7 Kd2 69. Bf4 Kc2 70. Bd6 Kb3 71. Bc7 Kb4 72. Bb6 Be4 73. Bc7 Kb5 74. Bb6 Kc6 75. Ke5 Bc2 76. Kd4 Bb3 77. Ke5 Bd5 78. Ba7 Kb5 79. Bb6 Kc4 80. Ba7 Bc6 81. Bb6 Kd3 82. Kf4 Be4 83. Ba7 Kc4 84. Ke5 Bc6 85. Bb6 Kd3 86. Kf4 Ke2 87. Ba7 Kd3 88. Bb6 Kc4 89. Ke5 Ba4 90. Ba7 Bc2 91. Bb6 Be4 92. Ba7 Kb5 93. Bb6 Kc6 94. Ba7 Kb5 95. Bb6 Kb4 96. Kd4 Bc6 97. Ke5 Kc4 98. Ba7 Kd3 99. Kf4 Ke2 100. Bb6 Kf2 101. Ba7 Kg2 102. Bb6 Kh3 103. Bd8 Be4 104. Be7 Kg2 105. Bd8 Bd3 106. Bb6 Bc2 107. Bd8 Kf2 108. Bb6 Ke2 109. Ba7 Kd3 110. Bb6 Kc4 111. Ke5 Be4 112. Ba7 Kb5 113. Bb6 Kc6 114. Ba7 Bc2 115. Bb6 f4 116. exf4 Kb7 117. Kd6 Ba4 118. Bd8 Bc6 119. Bh4 Bb5 1/2-1/2

[Event "44th Chess Olympiad Open 2022"]
[Site "Chennai"]
[Date "2022.08.09"]
[Round "11.67"]
[White "Kalidjo, Imaan"]
[Black "Nor, Mohamed Ahmed"]
[Result "0-1"]
[ECO "A36"]
[WhiteElo "1819"]
[BlackElo "1907"]
[Annotator "NA RC"]
[PlyCount "116"]
[EventDate "2022.07.29"]
[EventType "team-tourn"]
[EventCountry "IND"]
[SourceTitle "playchess.com"]
[Source "ChessBase"]
[SourceQuality "1"]
[WhiteTeam "Surinam"]
[BlackTeam "Somalia"]
[WhiteTeamCountry "SUR"]
[BlackTeamCountry "SOM"]
[TimeControl "40/5400+30:1800+30"]

1. c4 c5 2. g3 Nf6 3. Bg2 g6 4. Nc3 Bg7 5. d3 Nc6 6. e4 d6 7. Nge2 e5 8. O-O O-O 9. h3 a6 10. f4 exf4 11. Bxf4 Nh5 12. Be3 Nd4 13. Bxd4 cxd4 14. Nd5 Be5 15. Qe1 Be6 16. Ndf4 Ng7 17. a4 a5 18. Ra3 Qb6 19. Qc1 Rac8 20. Kh2 Qd8 21. Rb3 b6 22. Qe1 Rb8 23. Qf2 Bd7 24. Nxd4 Bxa4 25. Ra3 Bd7 26. Nf3 Ne6 27. Nxe6 fxe6 28. d4 Bg7 29. Qd2 Qc7 30. Rc1 h6 31. b3 Kh7 32. Ra2 Rf7 33. Qd3 e5 34. d5 Rbf8 35. Rf1 Qc5 36. Raf2 Kg8 37. Rb2 b5 38. Ra1 b4 39. Rba2 Ra8 40. Qc2 g5 41. Ne1 Qe3 42. Nd3 h5 43. Qe2 Qb6 44. Qxh5 g4 45. hxg4 Bf8 46. Bh3 Qd4 47. Rf1 Rh7 48. Qg5+ Bg7 49. Raf2 Qxd3 50. Rf7 a4 51. bxa4 b3 52. R7f3 Qxe4 53. Kg2 b2 54. Qe7 b1=Q 55. Rxb1 Qxb1 56. Qxd7 Rxh3 57. Qf7+ Kh8 58. Rf1 Qh7 0-1

[Event "44th Chess Olympiad Open 2022"]
[Site "Chennai"]
[Date "2022.08.09"]
[Round "11.68"]
[White "Al-Sulaiti, Ghanem"]
[Black "Ashraf, Ahmed Ramadan"]
[Result "1-0"]
[ECO "B51"]
[WhiteElo "2183"]
[BlackElo "1916"]
[Annotator "RC"]
[PlyCount "83"]
[EventDate "2022.07.29"]
[EventType "team-tourn"]
[EventCountry "IND"]
[SourceTitle "playchess.com"]
[Source "ChessBase"]
[SourceQuality "1"]
[WhiteTeam "Qatar"]
[BlackTeam "Egypt"]
[WhiteTeamCountry "QAT"]
[BlackTeamCountry "EGY"]
[TimeControl "40/5400+30:1800+30"]

1. e4 c5 2. Nf3 d6 3. Bb5+ Nd7 4. c3 Ngf6 5. Qe2 a6 6. Ba4 b5 7. Bc2 Bb7 8. O-O e6 9. d4 cxd4 10. cxd4 Be7 11. a4 bxa4 12. Rxa4 O-O 13. Nc3 Qb6 14. e5 Bxf3 15. gxf3 dxe5 16. dxe5 Nd5 17. Qd3 g6 18. Nxd5 exd5 19. Qxd5 Rad8 20. Qa5 Qb5 21. f4 Nc5 22. Qxb5 axb5 23. Ra7 Rfe8 24. Be3 Ne6 25. Rd1 Bc5 26. Rad7 Bxe3 27. fxe3 Rxd7 28. Rxd7 Rd8 29. Rxd8+ Nxd8 30. Bb3 Kf8 31. Kf2 Ke7 32. Bd5 Kd7 33. b4 Ne6 34. Bxe6+ Kxe6 35. e4 h6 36. h4 g5 37. hxg5 hxg5 38. fxg5 Kxe5 39. Ke3 Ke6 40. Kf4 Kd7 41. Kf5 Ke7 42. Ke5 1-0